 Dungeon Crawl Stone Soup version 0.24.1-14-gf8d2b509d9 (console) character file.

Game seed: 14830210903009912553, levelgen mode: deterministic

51 Kagalorn the Grasshopper (level 3, -1/30 HPs)
             Began as a Minotaur Wanderer on July 22, 2021.
             Slain by Crazy Yiuf
             ... wielding a +3 quarterstaff of chaos
              (10 damage)
             ... on level 2 of the Dungeon.
             The game lasted 00:03:18 (1631 turns).

Kagalorn the Grasshopper (Minotaur Wanderer)        Turns: 1631, Time: 00:03:19

Health: -1/30      AC:  6    Str: 15    XL:     3   Next: 58%
Magic:  0/3        EV: 10    Int:  9    God:
Gold:   74         SH:  4    Dex: 11    Spells: 3/4 levels left

rFire    . . .     SeeInvis .   a - +0 mace
rCold    . . .     Gourm    .   (no shield)
rNeg     . . .     Faith    .   p - +0 scale mail
rPois    .         Spirit   .   (helmet restricted)
rElec    .         Reflect  +   (no cloak)
rCorr    .         Harm     .   (no gloves)
MR       .....                  (no boots)
Stlth    ..........             w - +4 amulet of reflection
HPRegen  0.10/turn              n - ring of flight
MPRegen  0.08/turn              (no ring)

@: no status effects
A: retaliatory headbutt, horns 2
a: Evoke Flight


You were on level 2 of the Dungeon.
You were not hungry.

You visited 1 branch of the dungeon, and saw 2 of its levels.

You collected 74 gold pieces.

Inventory:

Hand Weapons
 a - a +0 mace (weapon)
 b - a +2 hand crossbow
Missiles
 c - 24 bolts
 h - 168 stones (quivered)
 q - 25 arrows
 u - 24 sling bullets
Armour
 p - a +0 scale mail (worn)
Jewellery
 n - a ring of flight (left hand)
 w - a +4 amulet of reflection (around neck)
 x - a +4 amulet of reflection
Scrolls
 e - a scroll of immolation {unknown}
 g - 2 scrolls of identify {unknown}
 m - a scroll of enchant weapon {unknown}
 r - 2 scrolls of remove curse {unknown}
 s - 2 scrolls of magic mapping {unknown}
Potions
 d - a potion of lignification
 i - a potion of brilliance {unknown}
 j - 4 potions of magic {unknown}
 k - a potion of degeneration {unknown}
 l - 2 potions of curing {unknown}
 o - a potion of berserk rage {unknown}
 t - a potion of haste {unknown}
Comestibles
 f - 3 rations
 v - 3 chunks of flesh


   Skills:
 + Level 2.6 Fighting
 - Level 2.1 Crossbows
 - Level 2.0 Throwing
 + Level 2.1 Armour
 + Level 1.9 Dodging
 - Level 1.0 Spellcasting
   Level 2.9 Translocations


You had 3 spell levels left.
You knew the following spells:

 Your Spells              Type           Power        Failure   Level  Hunger
a - Sandblast             Erth           #.....       82%         1    ##.....

Your spell library contained the following spells:

 Spells                   Type           Power        Failure   Level  Hunger
 Stone Arrow              Conj/Erth      #.....       99%         3    ####...


Dungeon Overview and Level Annotations

Branches:
Dungeon (2/15)

Altars:
Sif Muna

Annotations:
D:2 Crazy Yiuf


Innate Abilities, Weirdness & Mutations

You reflexively headbutt those who attack you in melee.
You have a pair of horns on your head.


Message History

You are too injured to fight recklessly!
You are too injured to fight recklessly!
You are too injured to fight recklessly!
You hit Crazy Yiuf.
Crazy Yiuf is heavily wounded.
Crazy Yiuf hits you with a +3 quarterstaff of chaos.
Space bends around you. You block Crazy Yiuf's attack.
You hit Crazy Yiuf.
Crazy Yiuf is severely wounded.
Crazy Yiuf hits you with a +3 quarterstaff of chaos.
Crazy Yiuf burns you.
You closely miss Crazy Yiuf.
Crazy Yiuf is severely wounded.
Crazy Yiuf hits you with a +3 quarterstaff of chaos.
Crazy Yiuf freezes you.
* * * LOW HITPOINT WARNING * * *
You closely miss Crazy Yiuf.
Crazy Yiuf is severely wounded.
Crazy Yiuf hits you but does no damage.
You are electrocuted!
You die...

##..###########.....
#....# #.#.#. #....#
#.#.#. #)..## #.#...
##)## #)#.## #)##
#.#.# ##)# #.#.#
#)## ..#.# ##@# #.#
#g# ))) #)))# #).)#
##### ### #.#


You could see Crazy Yiuf.

Vanquished Creatures
  A worm (D:2)
  A dart slug (D:2)
  A leopard gecko (D:1)
  5 giant cockroaches
  5 goblins
  4 hobgoblins
  9 jackals
  A ball python (D:1)
  3 bats
  2 frilled lizards (D:1)
  5 kobolds
  2 rats
39 creatures vanquished.

Notes
Turn   | Place    | Note
-------+----------+-------------------------------------------
     0 | D:1      | Kagalorn the Minotaur Wanderer began the quest for the Orb.
     0 | D:1      | Kagalorn set off with the following items: a +2 hand
                  | crossbow, 25 bolts, a potion of lignification, a +0 robe, a
                  | ration; and the following spell memorised: Sandblast; and
                  | the following spells available to memorise: Stone Arrow
     0 | D:1      | Reached XP level 1. HP: 16/16 MP: 1/1
   143 | D:1      | Reached skill level 1 in Armour
   144 | D:1      | Reached XP level 2. HP: 10/24 MP: 2/2
   146 | D:1      | Reached skill level 1 in Dodging
  1139 | D:2      | Reached XP level 3. HP: 29/29 MP: 3/3
  1258 | D:2      | Found a shimmering blue altar of Sif Muna.
  1300 | D:2      | Found a faded altar of an unknown god.
  1622 | D:2      | Found a runed translucent door.
  1623 | D:2      | Noticed Crazy Yiuf
  1631 | D:2      | Slain by Crazy Yiuf

Levels and vault maps discovered:
D:1:      lightli_arrival_chessboard, layout_basic, minmay_misc_feat_iff
D:2:      layout_loops_ring, led_sif_pool, chequers_ecumenical_altar_twisty,
          uniq_crazy_yiuf_cottage

Skill      XL: |  1  2  3 |
---------------+----------+-----
Armour         | 1 2 |  2.1
Dodging        | 1 |  1.9
Fighting       | 2 |  2.6
Crossbows      | |  2.1
Throwing       | |  2.0
Spellcasting   | |  1.0
Translocations | |  2.9

Action                   || total
-------------------------++-------
Melee: Unarmed           ||   123
       Headbutt          ||    16
       Mace              ||    14
 Fire: Hand crossbow     ||     6
  Eat: Chunk             ||     2
Armor: Robe              ||    15
       Scale mail        ||    27
Dodge: Dodged            ||    82
Block: Other             ||    20
       Reflection        ||     1
